 Dungeon Crawl Stone Soup version 0.31-a0-473-g61b50ae490 (webtiles) character file.

Game seed: 10337078443159497410

34 MisterAzrael the Ruffian (level 3, -1/28 HPs)
             Began as a Draconian Shapeshifter on Aug 7, 2023.
             Slain by Natasha (5 damage)
             ... on level 2 of the Dungeon.
             The game lasted 00:01:10 (993 turns).

MisterAzrael the Ruffian (Draconian Shapeshifter)    Turns: 993, Time: 00:01:10

Health: -1/28      AC:  5    Str: 19    XL:     3   Next: 14%
Magic:  3/3        EV: 12    Int:  8    God:
Gold:   86         SH:  0    Dex: 11    Spells: 2/2 levels left

rFire   . .          .
                       - Unarmed
rCold   . . .        (no shield)
rNeg    . . .        (body armour unavailable)
rPois   .            (helmet currently unavailable)
rElec   .            (cloak currently unavailable)
rCorr   .            (gloves currently unavailable)
SInv    .            (boots currently unavailable)
Will    .....        (no amulet)
Stlth   +            (no ring)
HPRegen 0.24/turn    (no ring)
MPRegen 0.08/turn

%: no passive effects
@: beast-form
A: beast (slay +2), AC +5, unfitting armour, cold-blooded
a: Begin Untransformation


You were on level 2 of the Dungeon.
You were a hulking beast.
You visited 1 branch of the dungeon, and saw 2 of its levels.

You collected 86 gold pieces.

Inventory:

Armour
 h - a +0 tower shield
Talismans
 b - a beast talisman (active)
Scrolls
 c - 5 scrolls of identify {unknown}
 d - a scroll of teleportation {unknown}
 e - a scroll of immolation {unknown}
 f - a scroll of noise {unknown}
 i - a scroll of vulnerability {unknown}


   Skills:
 - Level 1.1 Fighting
 - Level 1.7 Dodging
 + Level 3.7 Unarmed Combat
 + Level 3.5 Shapeshifting


You had 2 spell levels left.
You didn't know any spells.
Your spell library was empty.

Dungeon Overview and Level Annotations

Branches:
Dungeon (2/15)

Altars:

Shops:
D:1 [?(

Annotations:
D:2 Natasha


Innate Abilities, Weirdness & Mutations

You are a hulking beast.
Your limbs bulge with bestial killing power. (Slay +2)
Your plain brown scales are hard. (AC +5)
You cannot fit into any form of body armour.
You are cold-blooded and may be slowed by cold attacks.


Message History

The bat moves out of view.
You see here a bat corpse.
There are monsters nearby!
There are monsters nearby!
Natasha hisses angrily.
A gnoll comes into view. It is wielding a +0 spear.
Natasha howls an incantation.
Natasha shimmers violently.
The gnoll shouts! x2
The bat closely misses you.
You hit the bat.
Your tail-slap misses the bat.
The bat is moderately wounded.
The bat misses you. The bat hits you but does no damage.
The gnoll hits you from afar with a +0 spear!
You barely miss the bat. The bat closely misses you.
The gnoll hits you from afar with a +0 spear.
Natasha attacks as you move away! Natasha claws you.
The bat closely misses you.
Natasha howls an incantation.
You feel troubled. Natasha claws you!
* * * LOW HITPOINT WARNING * * *
The bat hits you but does no damage. The gnoll closely misses you.
You see here a bat corpse.
Really quaff the potion of lignification?
Your transformation has ended.
You turn into a tree.
Your roots penetrate the ground.
The bat completely misses you. The bat barely misses you.
The gnoll hits you but does no damage. x2
Natasha claws you but does no damage.
It was a potion of cancellation.
Your magical effects are unravelling.
You feel magically purged.
You feel less wooden.
You turn into a hulking beast.
The bat hits you but does no damage. The gnoll completely misses you.
The gnoll hits you from afar with a +0 spear.
* * * LOW HITPOINT WARNING * * *
The gnoll misses you. Natasha claws you.
You die...

#.....# #>.....#...
#.##########.#...###)#
#.# #.....†....## #.#
#†# #.#####.##.# #.#
#.####.# #.##.# #..
#####....#.# #.##.#
##.
#.....###..#####.##..
#<. #.###.#
#..............)..
#.###h.......#.#...#..
#....bh###### ##.###.
....#g#gg# #. #.
#####.#..# # #. # #.(#
#. #..# #. ...# ....
....


You could see Natasha, 3 gnolls and a bat.

Vanquished Creatures
  A worm (D:2)
  2 dart slugs (D:1)
  2 ball pythons
  5 bats
  An endoplasm (D:1)
  A giant cockroach (D:2)
  3 goblins
  3 hobgoblins (D:1)
  A jackal (D:1)
  2 kobolds
  A quokka (D:1)
  A frilled lizard (D:1)
  A rat (D:1)
24 creatures vanquished.

Notes
Turn   | Place    | Note
-------+----------+-------------------------------------------
     0 | D:1      | MisterAzrael the Draconian Shapeshifter began the quest for
                  | the Orb.
     0 | D:1      | Reached XP level 1. HP: 16/16 MP: 1/1
   195 | D:1      | Reached XP level 2. HP: 22/23 MP: 2/2
   207 | D:1      | Found Peakk's Magic Scroll Boutique.
   370 | D:1      | Found Rokagod's Weapon Boutique.
   423 | D:1      | Found Ystrorese's Antique Armour Shop.
   922 | D:2      | Reached XP level 3. HP: 26/28 MP: 3/3
   985 | D:2      | Noticed Natasha
   993 | D:2      | Slain by Natasha

Illustrated notes

Levels and vault maps discovered:
D:1:      erik_arrival_cave_to_civilisation [erik_arrival_cave_to_hall],
          layout_loops_ring, serial_shops, nicolae_shop_bloodbath_and_beyond,
          nicolae_lakefront_shop, shop
D:2:      layout_loops_ring, minmay_heptomino_h4, uniq_natasha, uniq_robin

Action                     || total
---------------------------++-------
  Melee: Unarmed           ||    63
         Tailslap          ||     7
         Punch             ||     1
    Use: Potion            ||     2
 Armour: Skin              ||    22
  Dodge: Dodged            ||    48

Table legend: (Time is in decaauts)
 A = Elapsed time spent in this place.
 B = Non-inter-level travel time spent in this place.
 C = Inter-level travel time spent in this place.
 D = Time resting spent in this place.
 E = Time spent auto-exploring this place.
 F = Levels seen in this place.
 G = Mean time per level.
                   A        B        C        D        E       F      G
               +--------+--------+--------+--------+--------+-----+--------+
         Total |    990 |    932 |     58 |      0 |    768 |   2 |  495.0 |
       Dungeon |    990 |    932 |     58 |      0 |    768 |   2 |  495.0 |
               +--------+--------+--------+--------+--------+-----+--------+

Top non-repeatable levels by time:
     D:1: 895 daAuts
     D:2: 95 daAuts
